 Dungeon Crawl Stone Soup version 0.26-a0-812-g31a745ddcd (webtiles) character file.

Game seed: 17621835217257281352

78736 vurker the Covert (level 15, -1/115 HPs)
             Began as a Gnoll Enchanter on Dec 6, 2020.
             Was the Champion of Cheibriados.
             Slain by an orc warlord
             ... wielding a +4 broad axe of venom
              (25 damage)
             ... on level 2 of the Orcish Mines.
             The game lasted 00:48:02 (26172 turns).

vurker the Covert (Gnoll Enchanter)                Turns: 26172, Time: 00:48:03

Health: -1/115     AC: 13    Str: 26    XL:     15   Next: 61%
Magic:  0/30       EV: 24    Int: 43    God:    Cheibriados [******]
Gold:   1621       SH: 14    Dex: 32    Spells: 26/36 levels left

rFire    . . .     SeeInvis .   b - +3 scimitar (flame)
rCold    + . .     Faith    .   z - +0 kite shield
rNeg     . . .     Spirit   +   I - +0 troll leather armour
rPois    .         Reflect  .   p - +2 helmet "Pucoin" {+Inv Int+4 Dex+2}
rElec    .         Harm     .   J - +1 cloak {MR+}
rCorr    .         Rampage  .   (no gloves)
MR       +++..                  L - +0 pair of boots
Stlth    +++++++++.             M - amulet of guardian spirit
HPRegen  0.69/turn              R - ring "Wuunus" {rC+ MR+}
MPRegen  0.22/turn              O - ring of Shadows {Umbra +Inv Stlth+}

@: lethally poisoned (-1 -> -46), wreathed by umbra, very slow
A: distributed training, fangs 1, strong nose
a: Bend Time, Temporal Distortion, Slouch, Step From Time, Renounce Religion,
Evoke Invisibility


You were on level 2 of the Orcish Mines.
You worshipped Cheibriados.
Cheibriados was exalted by your worship.
You visited 4 branches of the dungeon, and saw 21 of its levels.
You also visited: Ice Cave.

You collected 1980 gold pieces.
You spent 359 gold pieces at shops.

Inventory:

Hand Weapons
 a - the +4 spear of Capital Punishment {pain, MR++}
   (You found it on level 4 of the Dungeon)

   In the hands of one skilled in necromantic magic, it inflicts extra damage on
   living creatures.
   It affects your resistance to hostile enchantments.
 b - a +3 scimitar of flaming (weapon)
   (You took it off an efreet on level 10 of the Dungeon)
 G - a +0 broad axe
   (You found it on level 8 of the Dungeon)
 H - a +0 lajatang
   (You took it off Nergalle on level 10 of the Dungeon)
 S - a +3 demon trident
   (You took it off Urug on level 12 of the Dungeon)
Armour
 j - a +1 plate armour of poison resistance
   (You took it off an orc warrior on level 12 of the Dungeon)
 p - the +2 helmet "Pucoin" (worn) {+Inv Int+4 Dex+2}
   (You bought it in a shop on level 2 of the Orcish Mines)

   It affects your intelligence (+4).
   It affects your dexterity (+2).
   It lets you turn invisible.
 z - a +0 kite shield (worn)
   (You found it on level 7 of the Dungeon)
 I - a +0 troll leather armour (worn)
   (You found it on level 11 of the Dungeon)
 J - a +1 cloak of magic resistance (worn)
   (You found it on level 1 of the Lair of Beasts)
 L - a +0 pair of boots (worn)
   (You found it on level 4 of the Lair of Beasts)
Jewellery
 i - a +4 ring of protection
   (You found it on level 2 of the Dungeon)
 D - an uncursed ring of wizardry
   (You found it on level 4 of the Dungeon)
 M - an amulet of guardian spirit (around neck)
   (You found it on level 5 of the Lair of Beasts)
 O - the ring of Shadows (right hand) {Umbra +Inv Stlth+}
   (You found it on level 6 of the Lair of Beasts)

   [ring of stealth]

   It lets you turn invisible.
   It makes you more stealthy.
 R - the ring "Wuunus" (left hand) {rC+ MR+}
   (You found it in an ice cave)

   [ring of protection from cold]

   It protects you from cold.
   It affects your resistance to hostile enchantments.
Wands
 c - a wand of disintegration (8)
   (You found it on level 2 of the Lair of Beasts)
 d - a wand of iceblast (10)
   (You found it on level 11 of the Dungeon)
 r - a wand of polymorph (21)
   (You found it on level 6 of the Dungeon)
 t - a wand of flame (26)
   (You found it on level 9 of the Dungeon)
 u - a wand of paralysis (5)
   (You took it off Urug on level 12 of the Dungeon)
 x - a wand of acid (7)
   (You found it on level 6 of the Lair of Beasts)
Scrolls
 e - 3 scrolls of fog
 l - 7 scrolls of teleportation
 q - 6 scrolls of remove curse
 s - 2 scrolls of enchant weapon
 v - 3 scrolls of summoning
 w - a scroll of magic mapping
 y - a scroll of immolation
 C - a scroll of enchant armour
 E - 7 scrolls of amnesia
 F - 3 scrolls of fear
 P - a scroll of blinking
Potions
 f - a potion of magic {unknown}
 g - a potion of invisibility
 h - 3 potions of mutation
 k - 3 potions of curing
 m - a potion of resistance
 o - a potion of flight
 A - 2 potions of lignification
 B - 3 potions of might
 K - a potion of cancellation
 N - a potion of degeneration {unknown}
Miscellaneous
 Q - a box of beasts
   (You found it on level 6 of the Lair of Beasts)


   Skills:
 + Level 10.2 Fighting
 + Level 10.5 Short Blades
 + Level 10.2 Long Blades
 + Level 10.2 Axes
 + Level 10.2 Maces & Flails
 + Level 10.2 Polearms
 + Level 10.2 Staves
 + Level 10.2 Slings
 + Level 10.2 Bows
 + Level 10.2 Crossbows
 + Level 10.2 Throwing
 + Level 10.2 Armour
 + Level 11.1 Dodging
 + Level 11.6 Stealth
 + Level 10.2 Shields
 + Level 10.2 Unarmed Combat
 + Level 11.2 Spellcasting
 + Level 8.6 Conjurations
 + Level 10.1 Hexes
 + Level 8.6 Summonings
 + Level 8.6 Necromancy
 + Level 8.6 Translocations
 + Level 8.6 Transmutations
 + Level 8.6 Fire Magic
 + Level 8.6 Ice Magic
 + Level 8.6 Air Magic
 + Level 8.6 Earth Magic
 + Level 8.6 Poison Magic
 + Level 11.0 Invocations
 + Level 10.2 Evocations


You had 26 spell levels left.
You knew the following spells:

 Your Spells              Type           Power        Failure   Level
a - Summon Forest         Summ/Tloc      #######...   1%          5
p - Apportation           Tloc           ######       1%          1
q - Passage of Golubria   Tloc           N/A          1%          4

Your spell library contained the following spells:

 Spells                   Type           Power        Failure   Level
 Animate Skeleton         Necr           ######       1%          1
 Corona                   Hex            #######      1%          1
 Foxfire                  Conj/Fire      ####         1%          1
 Shock                    Conj/Air       ####         1%          1
 Summon Small Mammal      Summ           ####         1%          1
 Blink                    Tloc           N/A          1%          2
 Call Imp                 Summ           #######.     1%          2
 Ensorcelled Hibernation  Hex/Ice        ######       1%          2
 Call Canine Familiar     Summ           #######.     1%          3
 Confusing Touch          Hex            #######.     1%          3
 Conjure Flame            Conj/Fire      #######.     1%          3
 Dazzling Flash           Conj/Hex       ######       1%          3
 Gell's Gravitas          Tloc           #######...   1%          3
 Inner Flame              Hex/Fire       #######.     1%          3
 Lesser Beckoning         Tloc           #######...   1%          3
 Summon Guardian Golem    Hex/Summ       #######.     1%          3
 Teleport Other           Tloc           #######.     1%          3
 Tukima's Dance           Hex            #######.     1%          3
 Ice Form                 Ice/Tmut       #######.     1%          4
 Sticky Flame             Conj/Fire      #######.     1%          4
 Summon Ice Beast         Ice/Summ       #######.     1%          4
 Summon Lightning Spire   Summ/Air       #######.     1%          4
 Fireball                 Conj/Fire      #######...   1%          5
 Metabolic Englaciation   Hex/Ice        #######...   1%          5
 Freezing Cloud           Conj/Ice/Air   #######...   12%         6
 Ozocubu's Refrigeration  Ice            #######...   12%         6
 Simulacrum               Ice/Necr       #######...   12%         6
 Starburst                Conj/Fire      #######...   12%         6


Dungeon Overview and Level Annotations

Branches:
Dungeon (12/15)            Temple (1/1) D:6            Lair (6/6) D:10
  Swamp (0/4) Lair:3       Spider (0/4) Lair:2        Slime (0/5) Lair:5
    Orc (2/2) D:12          IceCv (visited)
    Elf: Orc:2

Altars:
Ashenzari
Cheibriados
Elyvilon
Fedhas
Hepliaklqana
Kikubaaqudgha
Makhleb
Okawaru
Qazlal
Ru
Sif Muna
Uskayaw
Vehumet
Wu Jian
Yredelemnul
Zin
The Shining One
Beogh

Shops:
D:5 [}(!   D:11 *   Orc:1 (   Orc:2 [(:[

Annotations:
D:6 2 transporters, Dracia's ghost, novice DrCj
Lair:1 exclusion: 3 oklob plants


Innate Abilities, Weirdness & Mutations

Your experience applies equally to all skills.
You have very sharp teeth.
Your uncanny sense of smell can sniff out nearby items.


Message History

You hit the orc warlord. You burn the orc warlord.
A root smacks the orc warlord from below.
Your dryad hits the orc warlord but does no damage.
The orc warlord hits your dryad with a +4 broad axe of venom!!
Your dryad dies!
Your dryad's corpse disappears in a puff of smoke!
The forest abruptly stops moving.
The orc warlord hits you with a +4 broad axe of venom!
You are more poisoned.
The orc warrior hits you from afar with a +0 trident!
The orc warrior completely misses you.
The orc warlord shouts!
You hit the orc warlord but do no damage.
You feel very sick. The orc warrior completely misses you.
The orc warlord completely misses you.
You hit the orc warlord but do no damage.
You feel sick. The orc warrior closely misses you.
The orc warrior completely misses you.
You slash the orc warlord! You burn the orc warlord.
You feel sick.
The orc warlord hits you with a +4 broad axe of venom!!
You are more poisoned.
The orc warrior completely misses you.
You hit the orc warlord but do no damage.
You feel very sick. You block the orc warrior's attack.
The orc warlord hits you with a +4 broad axe of venom!!
* * * LOW HITPOINT WARNING * * *
You are lethally poisoned!
You block the orc warrior's attack.
Unknown command.
Unknown command.
You hit the orc warlord. You burn the orc warlord.
You bite the orc warlord, but do no damage.
* * * LOW HITPOINT WARNING * * *
You feel very sick. The orc warrior completely misses you.
Unknown command.
Unknown command.
You closely miss the orc warlord.
* * * LOW HITPOINT WARNING * * *
You feel very sick. The orc warrior completely misses you.
You block the orc warrior's attack.
Unknown command.
Unknown command.
Unknown command.
You hit the orc warlord. You burn the orc warlord.
* * * LOW HITPOINT WARNING * * *
You feel very sick.
The orc warlord hits you with a +4 broad axe of venom!!
You die...

..................#..
...##...≈≈.........♣.........#..
##. .....≈≈.#.♣..♣...♣...........
#.. #............................
.#.♣#.................♣..........
.♣..♣♣..................♣..♣.....
.....#$......♣)................[(
.........#....#)♣...........(....
o.o..o...♣....o.@#..≈≈....)...)<.
ooo)#.o..#....o)o.........[...[((
ooo∆#.#.#.....)).)[.........).[[)
oOo#........♣♣#♣♣♣.[#♣♣####.###(#
.o♣♣#......^#∩...#).# #.# #)# oo
##..o..).#....♣..#######.###[# .♣
#......oo#....♣[)..........[[. ♣
##..###.oo###)##o.#♣#.###.....)
#...##...o...))...# #.# #..8)..


You could see an orc warlord and 2 orc warriors.

Vanquished Creatures
  A frost giant (IceCv)
  An orc warlord (Orc:2)
  A boulder beetle (D:11)
  3 catoblepae
  6 hydras
  A two-headed ogre (D:8)
  16 death yaks
  Nergalle (D:10)
  An unseen horror (D:10)
  7 orc knights
  2 ugly things
  2 manticores (Lair:6)
  7 elephants
  4 black mambas
  An ice statue (IceCv)
  Maggie (D:9)
  Psyche (D:10)
  A centaur skeleton (D:11)
  A rime drake (IceCv)
  14 komodo dragons
  8 cane toads
  An efreet (D:10)
  2 ice devils (D:12)
  19 polar bears
  4 trolls
  Prince Ribbit (D:7)
  2 slime creatures (Lair:5)
  13 blink frogs
  A dream sheep (Lair:6)
  A redback (Lair:2)
  46 yaks
  A shadow (D:11)
  7 basilisks
  3 wyverns
  Grum (D:9)
  3 vampire mosquitoes (Lair:3)
  Menkaure (D:3)
  A steam dragon (D:9)
  4 wargs
  A soldier ant (D:11)
  11 water moccasins
  6 phantoms
  32 orc warriors
  6 sky beasts
  4 ice beasts
  A black bear (D:10)
  5 ogres
  4 centaurs
  2 necrophages
  34 wolves
  A big kobold (D:11)
  21 bullfrogs
  A wyvern zombie (D:7)
  A gnoll sergeant (Orc:1)
  3 wyvern skeletons
  A water moccasin skeleton (D:7)
  10 scorpions
  22 wights
  28 killer bees
  4 electric eels
  5 bullfrog zombies
  3 centaur zombies
  A quasit (D:8)
  3 bullfrog skeletons
  5 hounds
  4 jellies
  A gnoll shaman (D:7)
  19 orc wizards
  12 orc priests
  3 iguanas
  11 worker ants
  2 hound skeletons
  A worker ant zombie (D:9)
  A howler monkey zombie (D:11)
  13 gnolls
  17 adders
  A river rat (D:3)
  3 shadow imps
  2 white imps
  3 ufetubi
  4 adder skeletons
  6 worms
  A dart slug (D:2)
  6 leopard geckos
  90 orcs
  3 giant cockroaches
  2 goblins (D:1)
  3 hobgoblins
  18 jackals
  14 kobolds
  6 quokkas
  A ball python (D:1)
  10 bats
  4 frilled lizards
  A quokka skeleton (D:10)
  8 rats
676 creatures vanquished.

Vanquished Creatures (collateral kills)
  A hydra (Lair:5)
  A catoblepas (Lair:6)
  5 death yaks (Lair:6)
  Sonja (Lair:4)
  Urug (D:12)
  An unseen horror (D:12)
  4 orc knights (Orc:2)
  8 elephants
  A black mamba (Lair:5)
  3 cane toads (Lair:6)
  A komodo dragon (Lair:6)
  A slime creature (Lair:5)
  A blink frog (Lair:3)
  11 dream sheep (Lair:6)
  32 yaks
  A wraith (D:12)
  4 basilisks
  3 wargs (Orc:2)
  20 orc warriors
  An ice beast (D:12)
  8 wolves
  A bullfrog (Lair:3)
  2 orc priests (Orc:2)
  An orc wizard (D:12)
  31 orcs
144 creatures vanquished.

Vanquished Creatures (others)
  A wolf (IceCv)
  2 orcs
  2 bushes (Lair:6)
  59 fungi
  64 plants
  9 snaplasher vines
137 creatures vanquished.

Grand Total: 957 creatures vanquished

Notes
Turn   | Place    | Note
-------+----------+-------------------------------------------
     0 | D:1      | vurker the Gnoll Enchanter began the quest for the Orb.
     0 | D:1      | Reached XP level 1. HP: 13/13 MP: 6/6
   380 | D:1      | Reached XP level 2. HP: 19/19 MP: 7/7
  1144 | D:2      | Reached skill level 5 in Spellcasting
  1144 | D:2      | Reached XP level 3. HP: 25/25 MP: 7/9
  1365 | D:2      | Reached skill level 1 in Invocations
  1558 | D:2      | Reached skill level 1 in Fighting
  1558 | D:2      | Reached skill level 1 in Long Blades
  1558 | D:2      | Reached skill level 1 in Axes
  1558 | D:2      | Reached skill level 1 in Maces & Flails
  1558 | D:2      | Reached skill level 1 in Polearms
  1558 | D:2      | Reached skill level 1 in Staves
  1558 | D:2      | Reached skill level 1 in Slings
  1558 | D:2      | Reached skill level 1 in Bows
  1558 | D:2      | Reached skill level 1 in Crossbows
  1558 | D:2      | Reached skill level 1 in Throwing
  1558 | D:2      | Reached skill level 1 in Armour
  1558 | D:2      | Reached skill level 1 in Shields
  1558 | D:2      | Reached skill level 1 in Unarmed Combat
  1558 | D:2      | Reached skill level 1 in Evocations
  1830 | D:2      | Reached XP level 4. HP: 32/32 MP: 11/11
  1897 | D:2      | Noticed a phantom
  2639 | D:2      | Reached skill level 1 in Conjurations
  2639 | D:2      | Reached skill level 1 in Summonings
  2639 | D:2      | Reached skill level 1 in Necromancy
  2639 | D:2      | Reached skill level 1 in Translocations
  2639 | D:2      | Reached skill level 1 in Transmutations
  2639 | D:2      | Reached skill level 1 in Fire Magic
  2639 | D:2      | Reached skill level 1 in Ice Magic
  2639 | D:2      | Reached skill level 1 in Air Magic
  2639 | D:2      | Reached skill level 1 in Earth Magic
  2639 | D:2      | Reached skill level 1 in Poison Magic
  2696 | D:3      | Reached XP level 5. HP: 20/37 MP: 12/12
  3021 | D:3      | Found a shimmering blue altar of Sif Muna.
  3980 | D:3      | Reached XP level 6. HP: 42/44 MP: 13/13
  4061 | D:4      | Noticed Menkaure
  4279 | D:4      | Found a blossoming altar of Fedhas.
  4297 | D:4      | Noticed a phantom
  4325 | D:3      | Killed a phantom
  4325 | D:3      | Reached skill level 5 in Dodging
  4496 | D:3      | Killed Menkaure
  4496 | D:3      | Reached XP level 7. HP: 19/50 MP: 15/15
  5698 | D:4      | Got a scorched spear
  5722 | D:4      | Identified the +4 spear of Capital Punishment {pain, MR++}
                  | (You found it on level 4 of the Dungeon)
  5826 | D:5      | Entered Level 5 of the Dungeon
  5918 | D:5      | Reached XP level 8. HP: 18/57 MP: 16/16
  6223 | D:5      | Found Erhaog's Gadget Shop.
  6840 | D:5      | Got a heavily runed scale mail
  6868 | D:5      | Identified the cursed +1 scale mail "Calemuuw" {Int+4} (You
                  | found it on level 5 of the Dungeon)
  7022 | D:5      | Found Faim's Weapon Emporium.
  7041 | D:5      | Found Ycottusm's Distillery.
  7051 | D:5      | Bought a potion of heal wounds for 65 gold pieces
  7174 | D:5      | Found Qafi Lac's Antique Armour Boutique.
  7357 | D:6      | Found a staircase to the Ecumenical Temple.
  7390 | D:6      | Reached XP level 9. HP: 48/65 MP: 18/18
  7398 | Temple   | Entered the Ecumenical Temple
  7648 | Temple   | Became a worshipper of Cheibriados the Contemplative
  8122 | D:6      | Found a transporter.
  8126 | D:6      | Noticed Dracia's ghost (novice DrCj)
  8179 | D:6      | Found a transporter.
  8448 | D:6      | Reached * piety under Cheibriados
  8676 | D:7      | Noticed Prince Ribbit
  8924 | D:7      | Killed Prince Ribbit
  8924 | D:7      | Reached skill level 5 in Short Blades
  9314 | D:7      | Reached ** piety under Cheibriados
  9332 | D:7      | Reached skill level 5 in Invocations
  9614 | D:7      | Got a twisted robe
 10072 | D:7      | Reached XP level 10. HP: 44/73 MP: 20/20
 10666 | D:8      | Noticed a two-headed ogre
 10679 | D:8      | Killed a two-headed ogre
 10679 | D:8      | Reached skill level 5 in Fighting
 10679 | D:8      | Reached skill level 5 in Long Blades
 10679 | D:8      | Reached skill level 5 in Axes
 10679 | D:8      | Reached skill level 5 in Maces & Flails
 10679 | D:8      | Reached skill level 5 in Polearms
 10679 | D:8      | Reached skill level 5 in Staves
 10679 | D:8      | Reached skill level 5 in Slings
 10679 | D:8      | Reached skill level 5 in Bows
 10679 | D:8      | Reached skill level 5 in Crossbows
 10679 | D:8      | Reached skill level 5 in Throwing
 10679 | D:8      | Reached skill level 5 in Armour
 10679 | D:8      | Reached skill level 5 in Shields
 10679 | D:8      | Reached skill level 5 in Unarmed Combat
 10679 | D:8      | Reached skill level 5 in Evocations
 10696 | D:8      | Reached *** piety under Cheibriados
 11984 | D:9      | Reached **** piety under Cheibriados
 12040 | D:9      | Noticed Maggie
 12059 | D:9      | Killed Maggie
 12218 | D:9      | Noticed Grum
 12234 | D:9      | Killed Grum
 12295 | D:9      | Identified the Tome of the Harmful Traveller
 12464 | D:9      | Reached XP level 11. HP: 81/81 MP: 22/22
 13080 | D:10     | Entered Level 10 of the Dungeon
 13100 | D:10     | Reached ***** piety under Cheibriados
 13142 | D:10     | Reached skill level 5 in Conjurations
 13142 | D:10     | Reached skill level 5 in Summonings
 13142 | D:10     | Reached skill level 5 in Necromancy
 13142 | D:10     | Reached skill level 5 in Translocations
 13142 | D:10     | Reached skill level 5 in Transmutations
 13142 | D:10     | Reached skill level 5 in Fire Magic
 13142 | D:10     | Reached skill level 5 in Ice Magic
 13142 | D:10     | Reached skill level 5 in Air Magic
 13142 | D:10     | Reached skill level 5 in Earth Magic
 13142 | D:10     | Reached skill level 5 in Poison Magic
 13162 | D:10     | Killed an unseen horror
 13596 | D:10     | Noticed Psyche
 13601 | D:10     | Killed Psyche
 13834 | D:10     | Noticed Nergalle
 14204 | D:10     | Found a staircase to the Lair.
 14243 | D:10     | Killed Nergalle
 15104 | D:11     | Found Ketetz's Mass Market.
 15332 | D:11     | Noticed a boulder beetle
 15373 | D:11     | Killed a boulder beetle
 15373 | D:11     | Reached XP level 12. HP: 47/89 MP: 24/24
 16085 | Lair:1   | Entered Level 1 of the Lair of Beasts
 16158 | Lair:1   | Reached ****** piety under Cheibriados
 17012 | Lair:2   | Learned a level 1 spell: Apportation
 17017 | Lair:2   | Learned a level 4 spell: Passage of Golubria
 17383 | Lair:2   | Found a hole to the Spider Nest.
 17388 | Lair:2   | Noticed a five-headed hydra
 17400 | Lair:2   | Killed a two-headed hydra
 17826 | Lair:2   | Reached XP level 13. HP: 98/98 MP: 26/26
 18063 | Lair:3   | Reached skill level 10 in Stealth
 18191 | Lair:3   | Found a staircase to the Swamp.
 18426 | Lair:3   | Learned a level 5 spell: Summon Forest
 18849 | Lair:3   | Got a spiked chain mail
 18888 | Lair:3   | Identified the +1 chain mail of the Weaver {rN+ Int+4
                  | Dex-2} (You found it on level 3 of the Lair of Beasts)
 19118 | Lair:4   | Noticed Sonja
 19135 | Lair:4   | Killed Sonja
 20034 | Lair:5   | Found a staircase to the Slime Pits.
 20058 | Lair:5   | Reached skill level 10 in Spellcasting
 20603 | Lair:5   | Reached XP level 14. HP: 106/106 MP: 22/28
 20610 | Lair:5   | Reached skill level 10 in Dodging
 20918 | Lair:6   | Entered Level 6 of the Lair of Beasts
 21138 | Lair:6   | Reached skill level 10 in Invocations
 21562 | Lair:6   | Found the ring of Shadows {Umbra +Inv Stlth+}
 22622 | Lair:6   | Reached skill level 10 in Short Blades
 22940 | D:12     | Found a frozen archway.
 22963 | IceCv    | Entered an ice cave
 23078 | IceCv    | Reached XP level 15. HP: 115/115 MP: 29/29
 23449 | IceCv    | Gained mutation: You are frail. (-10% HP) [mutagenic glow]
 23455 | IceCv    | Lost mutation: You are frail. (-10% HP) [potion of
                  | mutation]
 23455 | IceCv    | Gained mutation: You are dopey. (Int -2) [potion of
                  | mutation]
 23455 | IceCv    | Lost mutation: You are dopey. (Int -2) [potion of mutation]
 23500 | IceCv    | Noticed a frost giant
 23514 | IceCv    | Killed a frost giant
 23514 | IceCv    | Reached skill level 10 in Hexes
 23670 | IceCv    | Got a scintillating lead ring
 24031 | D:12     | Identified the ring "Wuunus" {rC+ MR+} (You found it in an
                  | ice cave)
 24148 | D:12     | Found a staircase to the Orcish Mines.
 24148 | D:12     | Noticed Urug
 24160 | D:12     | Killed Urug
 24178 | D:12     | Found a roughly hewn altar of Beogh.
 24511 | Orc:1    | Entered Level 1 of the Orcish Mines
 24590 | Orc:1    | Reached skill level 10 in Fighting
 24590 | Orc:1    | Reached skill level 10 in Long Blades
 24590 | Orc:1    | Reached skill level 10 in Axes
 24590 | Orc:1    | Reached skill level 10 in Maces & Flails
 24590 | Orc:1    | Reached skill level 10 in Polearms
 24590 | Orc:1    | Reached skill level 10 in Staves
 24590 | Orc:1    | Reached skill level 10 in Slings
 24590 | Orc:1    | Reached skill level 10 in Bows
 24590 | Orc:1    | Reached skill level 10 in Crossbows
 24590 | Orc:1    | Reached skill level 10 in Throwing
 24590 | Orc:1    | Reached skill level 10 in Armour
 24590 | Orc:1    | Reached skill level 10 in Shields
 24590 | Orc:1    | Reached skill level 10 in Unarmed Combat
 24590 | Orc:1    | Reached skill level 10 in Evocations
 24723 | Orc:1    | Found a burning altar of Makhleb.
 24793 | Orc:1    | Found a roughly hewn altar of Beogh.
 24915 | Orc:1    | Found Ireidgh's Antique Weapon Boutique.
 25247 | Orc:2    | Entered Level 2 of the Orcish Mines
 25358 | Orc:2    | Noticed an orc warlord
 25370 | Orc:2    | Killed an orc warlord
 25540 | Orc:2    | Found Ussonet's Book Emporium.
 25540 | Orc:2    | Found Agicek's Armour Shop.
 25572 | Orc:2    | Found a roughly hewn altar of Beogh.
 25781 | Orc:2    | Found Yfeppaikk's Weapon Shop.
 25853 | Orc:2    | Found Facaskag's Antique Armour Emporium.
 25902 | Orc:2    | Bought an encrusted helmet for 294 gold pieces
 25912 | Orc:2    | Identified the +2 helmet "Pucoin" {+Inv Int+4 Dex+2} (You
                  | bought it in a shop on level 2 of the Orcish Mines)
 25989 | Orc:2    | Noticed an orc warlord
 26172 | Orc:2    | Slain by an orc warlord

Illustrated notes

Levels and vault maps discovered:
D:1:      lightli_arrival_noodles, layout_loops_corners
D:2:      layout_rooms
D:3:      layout_basic, gup_sewer_entry_spiral, led_sif_pool
D:4:      layout_rooms, fedhas_altar_3, uniq_menkaure
D:5:      layout_basic, serial_shops, nicolae_shop_crystal,
          nicolae_shop_crystal, nicolae_shop_waterfront, shop_fountains,
          minmay_joined_circles
D:6:      layout_loops_ring, minmay_temple_entry_ruins, gammafunk_ghost_arena,
          chequers_serial_rivers_micro_e
D:7:      layout_basic, uniq_prince_ribbit1
D:8:      layout_loops_ring, disabler_island
D:9:      layout_loops_ring, minmay_misc_feat_rugged, uniq_grum, uniq_maggie
D:10:     layout_loops_cross, david_lair_generic, uniq_nergalle, uniq_psyche
D:11:     old_forge, layout_long_grid, gauntlet_entry_generic,
          small_statue_intersection, roderic_roman_lattice, minmay_shop_mass
D:12:     layout_basic, minmay_orc_entry_temple_small,
          portal_ice_cave_demonic_guard, uniq_urug
Temple:   roderic_octagonal_lattice_temple
Lair:1:   layout_small_grid, minmay_lair_oklob_chamber, serial_bayou_shore_a
Lair:2:   layout_regular_city, spider_nest_entry_webs, serial_bayou_pond_e
Lair:3:   layout_cave_shapes, minmay_swamp_entry_swarm, grunt_megastairs_4
Lair:4:   layout_cave_pods, enter_volcano_4, uniq_sonja
Lair:5:   layout_regular_city, minmay_slime_entry_pillars, grunt_megastairs_5
Lair:6:   evilmike_catoblepas_cave, layout_loops_ring, serial_rivers,
          chequers_serial_rivers_small_a, chequers_serial_rivers_micro_b,
          chequers_serial_rivers_small_b, chequers_serial_rivers_large_b
Orc:1:    layout_diamond_mine, basic_altar, serial_shops, nicolae_shop_crystal,
          mines2_david
Orc:2:    st_orc_town, layout_caves

Skill      XL: |  1  2  3  4  5  6  7  8  9 10 11 12 13 14 15 |
---------------+----------------------------------------------+-----
Stealth        | 6 7 8 9 10 11 | 11.6
Spellcasting   | 5 6 7 8 9 10 11 | 11.2
Invocations    | 1 2 3 4 5 6 7 8 9 10 11 | 11.0
Fighting       | 1 2 3 4 5 6 7 8 9 10 | 10.2
Long Blades    | 1 2 3 4 5 6 7 8 9 10 | 10.2
Axes           | 1 2 3 4 5 6 7 8 9 10 | 10.2
Maces & Flails | 1 2 3 4 5 6 7 8 9 10 | 10.2
Polearms       | 1 2 3 4 5 6 7 8 9 10 | 10.2
Staves         | 1 2 3 4 5 6 7 8 9 10 | 10.2
Slings         | 1 2 3 4 5 6 7 8 9 10 | 10.2
Bows           | 1 2 3 4 5 6 7 8 9 10 | 10.2
Crossbows      | 1 2 3 4 5 6 7 8 9 10 | 10.2
Throwing       | 1 2 3 4 5 6 7 8 9 10 | 10.2
Armour         | 1 2 3 4 5 6 7 8 9 10 | 10.2
Shields        | 1 2 3 4 5 6 7 8 9 10 | 10.2
Unarmed Combat | 1 2 3 4 5 6 7 8 9 10 | 10.2
Evocations     | 1 2 3 4 5 6 7 8 9 10 | 10.2
Conjurations   | 1 2 3 4 5 6 7 8 |  8.6
Summonings     | 1 2 3 4 5 6 7 8 |  8.6
Necromancy     | 1 2 3 4 5 6 7 8 |  8.6
Translocations | 1 2 3 4 5 6 7 8 |  8.6
Transmutations | 1 2 3 4 5 6 7 8 |  8.6
Fire Magic     | 1 2 3 4 5 6 7 8 |  8.6
Ice Magic      | 1 2 3 4 5 6 7 8 |  8.6
Air Magic      | 1 2 3 4 5 6 7 8 |  8.6
Earth Magic    | 1 2 3 4 5 6 7 8 |  8.6
Poison Magic   | 1 2 3 4 5 6 7 8 |  8.6
Short Blades   | 3 4 5 6 7 8 9 10 | 10.5
Dodging        | 5 6 7 8 9 10 11 | 11.1
Hexes          | 6 7 8 9 10 | 10.1

Action                   |  1- 3 |  4- 6 |  7- 9 | 10-12 | 13-15 || total
-------------------------+-------+-------+-------+-------+-------++-------
Melee: Dagger            |    75 |       |       |       |       ||    75
       Bite              |    13 |     8 |    70 |   216 |   277 ||   584
       Flail             |    70 |    45 |    26 |       |       ||   141
       Hand axe          |       |   124 |    74 |       |       ||   198
       Spear             |       |       |   502 |   991 |       ||  1493
       Scimitar          |       |       |       |    42 |   964 ||  1006
 Cast: Summon Forest     |       |       |       |       |    36 ||    36
       Passage of Golubr |       |       |       |       |     1 ||     1
Invok: Slouch            |       |       |       |     4 |     4 ||     8
 Abil: Evoke Invisibilit |       |       |       |       |    11 ||    11
Evoke: Wand              |       |       |     6 |    18 |     5 ||    29
  Use: Scroll            |     1 |       |    19 |     8 |    11 ||    39
       Potion            |       |       |     4 |       |     3 ||     7
 Stab: Sleeping          |     6 |     6 |     5 |    37 |    24 ||    78
       Distracted        |       |       |       |     6 |    25 ||    31
       Invisible         |       |       |       |       |    46 ||    46
Armor: Robe              |     2 |       |       |       |       ||     2
       Ring mail         |    71 |    34 |    62 |       |       ||   167
       Scale mail        |       |       |   117 |   151 |       ||   268
       Troll leather arm |       |       |       |    46 |   146 ||   192
Dodge: Dodged            |   102 |    29 |   149 |   459 |   816 ||  1555
Block: Tower shield      |    36 |    83 |   338 |       |       ||   457
       Kite shield       |       |       |    26 |   551 |   850 ||  1427
       Rpst.: Scimitar   |       |       |       |     3 |   195 ||   198

Table legend: (Time is in decaauts)
 A = Elapsed time spent in this place.
 B = Non-inter-level travel time spent in this place.
 C = Inter-level travel time spent in this place.
 D = Time resting spent in this place.
 E = Time spent auto-exploring this place.
 F = Levels seen in this place.
 G = Mean time per level.
                   A        B        C        D        E       F      G
               +--------+--------+--------+--------+--------+-----+--------+
         Total |  35056 |  33386 |   1670 |   2378 |  24011 |  22 | 1593.5 |
       Dungeon |  19765 |  18741 |   1024 |   1897 |  12924 |  12 | 1647.1 |
        Temple |    273 |    252 |     21 |      0 |    238 |   1 |  273.0 |
          Lair |  11092 |  10592 |    500 |    279 |   8511 |   6 | 1848.7 |
  Orcish Mines |   2297 |   2172 |    125 |    182 |   1261 |   2 | 1148.5 |
      Ice Cave |   1627 |   1627 |      0 |     20 |   1076 |   1 | 1627.0 |
               +--------+--------+--------+--------+--------+-----+--------+

Top non-repeatable levels by time:
  Lair:6: 2519 daAuts
     D:3: 2476 daAuts
     D:7: 2284 daAuts
    D:10: 2145 daAuts
  Lair:4: 1897 daAuts
     D:8: 1897 daAuts
  Lair:5: 1788 daAuts
     D:9: 1771 daAuts
  Lair:2: 1768 daAuts
    D:11: 1700 daAuts
   IceCv: 1627 daAuts
  Lair:1: 1585 daAuts
  Lair:3: 1534 daAuts
     D:5: 1504 daAuts
     D:1: 1501 daAuts
